 Dungeon Crawl Stone Soup version 0.31-a0-833-gc15d34cb79 (webtiles) character file.

Game seed: 7488937708237676606

882 pokeman the Thaumaturge (level 7, -12/40 HPs)
             Began as a Deep Elf Hedge Wizard on Sept 24, 2023.
             Was a Follower of Vehumet.
             Mangled by an ogre
             ... wielding a +0 giant club
              (29 damage)
             ... on level 5 of the Dungeon on Sept 25, 2023.
             The game lasted 00:10:25 (5872 turns).

pokeman the Thaumaturge (Deep Elf Hedge Wizard)     Turns: 5872, Time: 00:10:26

Health: -12/40     AC:  5    Str:  7    XL:     7   Next: 76%
Magic:  9/21       EV: 13    Int: 23    God:    Vehumet [*.....]
Gold:   257        SH:  0    Dex: 14    Spells: 6/23 levels left

rFire   + . .        m - +1 dagger (venom)
rCold   . . .        (no shield)
rNeg    . . .        j - +2 robe "Fisok" {rF+ Int+2}
rPois   .            h - +0 helmet
rElec   .            (no cloak)
rCorr   .            (no gloves)
SInv    .            (no boots)
Will    +....        (no amulet)
Stlth   ++           t - ring of willpower
HPRegen 0.26/turn    w - ring of flight
MPRegen 0.17/turn

%: no passive effects
@: flying, very slightly contaminated
A: no striking features
a: Renounce Religion


You were on level 5 of the Dungeon.
You worshipped Vehumet.
Vehumet was aware of your devotion.
You visited 2 branches of the dungeon, and saw 6 of its levels.

You collected 257 gold pieces.

Inventory:

Hand Weapons
 m - a +1 dagger of venom (weapon)
 o - the +6 sling of Contradiction {drain, rC+ Dex+3}
   (You found it on level 3 of the Dungeon)

   Dex+3:     It affects your dexterity (+3).
   rC+:       It protects you from cold.
Armour
 h - a +0 helmet (worn)
 j - the +2 robe "Fisok" (worn) {rF+ Int+2}
   (You found it on level 2 of the Dungeon)

   Int+2:     It affects your intelligence (+2).
   rF+:       It protects you from fire.
 r - a +0 buckler
Jewellery
 t - a ring of willpower (left hand)
 w - a ring of flight (right hand)
Wands
 c - a wand of flame (15)
 l - a wand of charming (9)
 s - a wand of acid (2)
Scrolls
 a - 3 scrolls of identify {unknown}
 b - a scroll of teleportation {unknown}
 f - a scroll of poison {unknown}
 p - 2 scrolls of amnesia {unknown}
 u - a scroll of fear {unknown}
 v - a scroll of silence {unknown}
Potions
 d - a potion of magic
 e - 2 potions of curing {unknown}
 g - 3 potions of brilliance {unknown}
 i - a potion of degeneration {unknown}
 k - a potion of might {unknown}
 n - 2 potions of cancellation {unknown}
 q - a potion of mutation {unknown}


   Skills:
 - Level 2.0 Fighting
 + Level 1.5 Armour
 - Level 3.2 Dodging
 - Level 3.0 Stealth
 * Level 8.5 Spellcasting
 + Level 4.2 Conjurations
 - Level 1.1 Summonings
 - Level 1.1 Translocations
 + Level 2.5 Fire Magic
 - Level 1.1 Ice Magic
 - Level 1.0 Air Magic
 - Level 1.0 Poison Magic
 - Level 1.0 Evocations


You had 6 spell levels left.
You knew the following spells:

 Your Spells              Type           Power      Damage    Failure   Level
a - Magic Dart            Conj           100%       1d8       1%          1
b - Mephitic Cloud        Conj/Pois/Air  19%        N/A       9%          3
c - Call Imp              Summ           28%        N/A       6%          2
d - Blink                 Tloc           28%        N/A       6%          2
e - Frozen Ramparts       Ice            28%        1d5       12%         3
f - Starburst             Conj/Fire      12%        6d5       94%         6

Your spell library contained the following spells:

 Spells                   Type           Power      Damage    Failure   Level
 Sandblast                Erth           18%        2d7       7%          1
 Freeze                   Ice            56%        1d7       4%          1
 Slow                     Hex            36%        N/A       7%          1
 Hailstorm                Conj/Ice       22%        3d7       7%          3
 Cigotuvi's Dreadful Rot  Necr/Pois/Air  24%        N/A       8%          2
 Dazzling Flash           Conj/Hex       38%        N/A       9%          3
 Volatile Blastmotes      Fire/Tloc      36%        2d13      10%         3
 Haunt                    Necr/Summ      6%         N/A       100%        7
 Borgnjor's Revivificati  Necr           4%         N/A       100%        8
 Maxwell's Capacitive Co  Air            7%         ∞         100%        8
 Death's Door             Necr           4%         N/A       100%        9


Dungeon Overview and Level Annotations

Branches:
Dungeon (5/15)             Temple (1/1) D:4

Altars:
Cheibriados
Dithmenos
Elyvilon
Fedhas
Gozag
Hepliaklqana
Kikubaaqudgha
Makhleb
Nemelex Xobeh
Okawaru
Ru
Sif Muna
Trog
Uskayaw
Vehumet
Xom
Yredelemnul
Zin
The Shining One


Message History

Press: ? - help, Shift-Dir - straight line, f/p - ogre
Aim: an ogre, wielding a +0 giant club (lightly wounded, 100% to hit)
The magic dart hits the ogre.
The ogre is lightly wounded.
Unknown command.
Casting: Magic Dart (safe; 1% risk of failure)
Confirm with . or Enter, or press ? or * to list all spells.
Aiming: Magic Dart (safe; 1% risk of failure)
Press: ? - help, Shift-Dir - straight line, f/p - ogre
Aim: an ogre, wielding a +0 giant club (lightly wounded, 100% to hit)
The magic dart hits the ogre.
The ogre is moderately wounded.
Unknown command.
Casting: Magic Dart (safe; 1% risk of failure)
Confirm with . or Enter, or press ? or * to list all spells.
Aiming: Mephitic Cloud (dangerous; 9% risk of failure)
Press: ? - help, Shift-Dir - straight line, f/p - ogre
Aim: an ogre, wielding a +0 giant club (moderately wounded, chance to affect: 77%)
You miscast Mephitic Cloud.
You are very lightly contaminated with residual magic.
Nothing appears to happen.
Casting: Mephitic Cloud (dangerous; 9% risk of failure)
Confirm with . or Enter, or press ? or * to list all spells.
Aiming: Mephitic Cloud (dangerous; 9% risk of failure)
Press: ? - help, Shift-Dir - straight line, f/p - ogre
Aim: an ogre, wielding a +0 giant club (moderately wounded, chance to affect: 77%)
The ball explodes into a vile cloud!
The stinking cloud engulfs the ogre but does no damage.
The ogre is moderately wounded.
The ogre is engulfed in noxious fumes.
The ogre appears confused.
Unknown command.
You hit the ogre.
The ogre is poisoned.
The ogre is moderately wounded.
The ogre hits you with a +0 giant club!!
Ouch! That really hurt!
You hit the ogre.
The ogre looks as sick as possible!
The ogre is severely wounded.
The ogre hits you with a +0 giant club!!
Ouch! That really hurt!
You die...

########################
....#...........@O☼°..'.
....#............#†○..#.
....#............# ...#
#...##...........# ..#
#...##...........## .#
#...#.............# .#
#...#.............+ #
'...#.............#
#...#######.......#


You could see an ogre (confused, extremely poisoned).

Vanquished Creatures
  An ice beast (D:4)
  An ogre (D:4)
  A bullfrog (D:5)
  2 scorpions
  A jelly (D:4)
  A howler monkey (D:4)
  3 hounds
  An orc priest (D:2)
  2 orc wizards
  Ijyb (D:3)
  An iguana (D:5)
  Natasha (thrice) (D:2)
  Robin (D:2)
  3 adders
  4 worms
  A dart slug (D:1)
  5 orcs
  5 ball pythons
  10 endoplasms
  A giant cockroach (D:4)
  15 goblins
  8 hobgoblins
  13 jackals
  2 quokkas
  3 bats
  3 frilled lizards
  5 kobolds
  9 rats
106 creatures vanquished.

Vanquished Creatures (collateral kills)
  An endoplasm (D:2)
1 creature vanquished.

Grand Total: 107 creatures vanquished

Notes
Turn   | Place    | Note
-------+----------+-------------------------------------------
     0 | D:1      | pokeman the Deep Elf Hedge Wizard began the quest for the
                  | Orb.
     0 | D:1      | Reached XP level 1. HP: 10/10 MP: 7/7
   210 | D:1      | Found a faded altar of an unknown god.
   210 | D:1      | Noticed a floating eye
   213 | D:1      | Noticed a floating eye
   213 | D:1      | Noticed a great orb of eyes
   213 | D:1      | Noticed a shining eye
   282 | D:1      | Reached XP level 2. HP: 16/16 MP: 6/9
   836 | D:1      | Reached skill level 5 in Spellcasting
  1233 | D:2      | Reached XP level 3. HP: 19/20 MP: 1/11
  1237 | D:2      | Learned a level 3 spell: Mephitic Cloud
  1240 | D:2      | Learned a level 2 spell: Call Imp
  1243 | D:2      | Learned a level 2 spell: Blink
  1315 | D:2      | Noticed Robin
  1757 | D:2      | Reached skill level 1 in Fighting
  1759 | D:2      | Reached skill level 1 in Armour
  1811 | D:2      | Killed Robin
  2016 | D:2      | Reached XP level 4. HP: 25/25 MP: 2/13
  2317 | D:2      | Noticed Natasha
  2321 | D:2      | Killed Natasha
  2333 | D:2      | Noticed Natasha
  2346 | D:2      | Killed Natasha
  2408 | D:2      | Identified the +2 robe "Fisok" {rF+ Int+2}
  3014 | D:2      | Noticed Natasha
  3018 | D:2      | Killed Natasha
  3019 | D:2      | Reached skill level 6 in Spellcasting
  3019 | D:2      | Reached XP level 5. HP: 29/29 MP: 10/15
  3153 | D:2      | Reached skill level 1 in Evocations
  3358 | D:3      | Noticed Ijyb
  3366 | D:3      | Killed Ijyb
  3455 | D:3      | Reached skill level 1 in Air Magic
  3504 | D:3      | Reached skill level 1 in Poison Magic
  3504 | D:3      | Reached XP level 6. HP: 26/34 MP: 15/17
  3533 | D:3      | Learned a level 3 spell: Frozen Ramparts
  3902 | D:3      | Upgraded the game from 0.31-a0-819-gf6de2f5ab6 to
                  | 0.31-a0-833-gc15d34cb79
  3914 | D:3      | Learned a level 6 spell: Starburst
  4232 | D:3      | Identified the +6 sling of Contradiction {drain, rC+ Dex+3}
  4457 | D:4      | Reached skill level 7 in Spellcasting
  4457 | D:4      | Reached skill level 1 in Ice Magic
  4521 | D:4      | Noticed an ice beast
  4628 | D:4      | Reached skill level 1 in Fire Magic
  4689 | D:4      | Killed an ice beast
  4690 | D:4      | Reached XP level 7. HP: 29/39 MP: 11/20
  4878 | D:4      | Found a glowing golden altar of the Shining One.
  4881 | D:4      | Found a staircase to the Ecumenical Temple.
  4890 | Temple   | Entered the Ecumenical Temple
  4910 | Temple   | Became a worshipper of Vehumet
  5365 | D:4      | Reached skill level 8 in Spellcasting
  5592 | D:5      | Entered Level 5 of the Dungeon
  5865 | D:5      | Reached * piety under Vehumet
  5865 | D:5      | Offered knowledge of Sandblast by Vehumet.
  5872 | D:5      | Mangled by an ogre

Illustrated notes

Levels and vault maps discovered:
D:1:      dpeg_arrival_arbitrary_c, layout_loops_ring,
          hellmonk_ecumenical_altar_watching_god
D:2:      layout_basic, minmay_fractal_squares_5, uniq_robin, uniq_natasha
D:3:      layout_loops_ring, serial_rivers, chequers_serial_rivers_micro_c,
          chequers_serial_rivers_room_a, chequers_serial_rivers_micro_c,
          chequers_serial_rivers_micro_b, chequers_serial_rivers_room_b,
          uniq_ijyb
D:4:      layout_basic, mainiacjoe_overflow_brackets,
          minmay_temple_entry_statues_pillars, hangedman_abyss_or_decor_stabs,
          minmay_three_crescents
D:5:      layout_gridville
Temple:   regret_index_temple_mists

Skill      XL: |  1  2  3  4  5  6  7 |
---------------+----------------------+-----
Spellcasting   | 5 6 7 8 |  8.5
Fighting       | 1 2 |  2.0
Armour         | 1 |  1.5
Conjurations   | 2 3 4 |  4.2
Stealth        | 3 |  3.0
Dodging        | 3 |  3.2
Evocations     | 1 |  1.0
Air Magic      | 1 |  1.0
Poison Magic   | 1 |  1.0
Ice Magic      | 1 |  1.1
Fire Magic     | 1 2 |  2.5
Summonings     | |  1.1
Translocations | |  1.1

Action                     |  1- 3 |  4- 6 |  7- 9 || total
---------------------------+-------+-------+-------++-------
  Melee: Dagger            |    30 |    15 |    19 ||    64
         Falchion          |     3 |    25 |       ||    28
         Punch             |       |       |     1 ||     1
   Cast: Magic Dart        |   106 |    82 |    54 ||   242
         Mephitic Cloud    |     5 |    13 |     5 ||    23
         Call Imp          |     1 |     3 |       ||     4
         Frozen Ramparts   |       |     3 |     1 ||     4
   Stab: Confused          |     2 |     6 |     1 ||     9
 Armour: Robe              |    36 |    29 |     8 ||    73
  Dodge: Dodged            |    27 |    29 |    12 ||    68

Table legend: (Time is in decaauts)
 A = Elapsed time spent in this place.
 B = Non-inter-level travel time spent in this place.
 C = Inter-level travel time spent in this place.
 D = Time resting spent in this place.
 E = Time spent auto-exploring this place.
 F = Levels seen in this place.
 G = Mean time per level.
                   A        B        C        D        E       F      G
               +--------+--------+--------+--------+--------+-----+--------+
         Total |   5916 |   5530 |    386 |    381 |   4288 |   6 |  986.0 |
       Dungeon |   5862 |   5501 |    361 |    381 |   4288 |   5 | 1172.4 |
        Temple |     53 |     29 |     24 |      0 |      0 |   1 |   53.0 |
               +--------+--------+--------+--------+--------+-----+--------+

Top non-repeatable levels by time:
     D:2: 1939 daAuts
     D:1: 1405 daAuts
     D:4: 1262 daAuts
     D:3: 976 daAuts
     D:5: 279 daAuts
  Temple: 53 daAuts
